 Dungeon Crawl Stone Soup version 0.21.1-1-g345015fe64 (webtiles) character file.

5494 Gargoyl the Cleaver (level 10, -1/126 HPs)
             Began as a Centaur Abyssal Knight on May 18, 2018.
             Was an Elder of Lugonu.
             Succumbed to an orc warrior's poison
             ... on level 9 of the Dungeon.
             The game lasted 00:15:34 (8593 turns).

Gargoyl the Cleaver (Centaur Abyssal Knight)        Turns: 8593, Time: 00:15:34

Health: -1/126     AC: 18    Str: 21 (24) XL:     10   Next: 42%
Magic:  15/15      EV: 11    Int:  8 (11) God:    Lugonu [****..]
Gold:   367        SH:  4    Dex: 15 (16) Spells: 9/9 levels left

rFire    . . .     SeeInvis .   o - +4 war axe (chop)
rCold    . . .     Gourm    .   q - +0 buckler (curse)
rNeg     . . .     Faith    .   E - +0 ring mail "Ogro" {rElec Str+3 Dex+3} (curse)
rPois    .         Spirit   .   k - +0 helmet
rElec    +         Reflect  .   G - +0 cloak
rCorr    .         Harm     .   x - +0 pair of gloves
MR       .....                  l - +0 centaur barding {Stlth+}
Stlth    ..........             w - amulet of magic regeneration
HPRegen  0.31/turn              h - +4 ring of evasion
MPRegen  0.39/turn              i - +3 ring of protection

@: berserking, lethally poisoned (-1 -> -32), very quick
A: large, hooves 3, agile 1, deformed body, speed 2, sense surroundings 1, tough
skin 3
a: Depart the Abyss, Bend Space, Banish, Corrupt, Renounce Religion


You were on level 9 of the Dungeon.
You worshipped Lugonu.
Lugonu was greatly pleased with you.
You were very hungry.

You visited 1 branch of the dungeon, and saw 9 of its levels.
You visited the Abyss 1 time.

You collected 472 gold pieces.
You spent 105 gold pieces at shops.

Inventory:

Hand Weapons
 a - a +1 hand axe
 o - a +4 war axe of chopping (weapon)
Armour
 k - a +0 helmet (worn)
 l - a +0 centaur barding of stealth (worn)
 q - a cursed +0 buckler (worn)
 s - a +0 chain mail
 v - a +3 shield
 x - a +0 pair of gloves (worn)
 E - the cursed +0 ring mail "Ogro" (worn) {rElec Str+3 Dex+3}
   (You found it on level 8 of the Dungeon)

   It affects your strength (+3).
   It affects your dexterity (+3).
   It insulates you from electricity.
   It has a curse placed upon it.
 G - a +0 cloak (worn)
Jewellery
 b - an uncursed ring of see invisible {unknown}
 e - an uncursed ring of protection from fire
 h - a +4 ring of evasion (left hand)
 i - a +3 ring of protection (right hand)
 n - an uncursed ring of ice {unknown}
 p - an uncursed ring of positive energy {unknown}
 u - an uncursed ring of protection from fire
 w - an amulet of magic regeneration (around neck)
 A - an uncursed ring of poison resistance {unknown}
Wands
 d - a wand of enslavement (7)
 t - a wand of flame (16)
 C - a wand of random effects (22)
Scrolls
 g - 5 scrolls of teleportation
 j - a scroll of enchant armour
 m - a scroll of amnesia
 r - a scroll of magic mapping
 y - a scroll of noise {unknown}
 H - a scroll of remove curse
Potions
 f - 3 potions of brilliance
 D - a potion of flight {unknown}
Books
 F - a book of Cantrips

   Spells                             Type                      Level
   a - Confusing Touch                Hexes                        1
   b - Animate Skeleton               Necromancy                   1
   c - Summon Small Mammal            Summoning                    1
   d - Apportation                    Translocation                1
Comestibles
 c - 14 rations


   Skills:
 + Level 6.7 Fighting
 + Level 8.8 Axes
 * Level 5.7 Armour
 + Level 2.2 Dodging
 + Level 1.3 Shields
 * Level 7.8 Invocations
 + Level 1.4 Evocations


You had 9 spell levels left.
You didn't know any spells.

Dungeon Overview and Level Annotations

Branches:
Dungeon (9/15)             Temple (0/1) D:5
   Lair: D:8-11         Orc: D:9-12

Altars:
Ashenzari
Cheibriados
Elyvilon
Gozag
Makhleb
Qazlal
Ru
Sif Muna
Uskayaw
Xom
Yredelemnul
Zin
The Shining One

Shops:
D:8 ?

Annotations:
D:8 Erica


Innate Abilities, Weirdness & Mutations

You have hooves in place of feet.
Armour fits poorly on your strangely shaped body.
You cover ground very quickly.
You have extremely tough skin. (AC +3)
You are agile. (Dex +2)
You passively map a small area around you.


Message History

You barely miss the orc warrior. You kick the orc warrior.
The orc warrior is severely wounded.
You hit the orc.
You kill the orc!
Lugonu accepts your kill.
* * * LOW HITPOINT WARNING * * *
You feel sick.
The orc warrior hits you with a trident of venom!
* * * LOW HITPOINT WARNING * * *
You are more poisoned.
It was a potion of degeneration.
There was something very wrong with that liquid.
You feel weakened.
You feel dopey.
You feel clumsy.
* * * LOW HITPOINT WARNING * * *
You feel very sick.
The orc warrior hits you but does no damage.
It was a potion of berserk rage.
A red film seems to cover your vision as you go berserk!
You feel yourself moving faster!
You feel mighty!
You die...

, * #..##.......#
#.... #..####._.###
#....
#..##.......#*#....
#...#.).#...# #....
#...#...#...# #....
*
#...'#######'.#....
* #.####........#,
..#.... *
#.............#
#....## ,
#.....)@......#
###..#
#.....)o......#
#..#
#.............#
#..#
#.............#
#.,#
..............# *,,
* ,
*..............#
..............# *
..............# , ,
,


You could see an orc warrior.

Vanquished Creatures
  A two-headed ogre (D:9)
  Joseph (D:7)
  Maurice (D:8)
  A hornet (D:9)
  Grinder (D:3)
  3 ice beasts
  A black bear (D:8)
  A phantom (D:9)
  3 ogres
  3 centaurs
  The ghost of Arronax the Shield-Bearer, an amateur HuFi of Ru (D:3)
  4 bullfrogs
  4 scorpions
  5 wights (D:7)
  3 crimson imps
  A quasit (D:9)
  3 hounds
  4 orc priests (D:9)
  A bullfrog skeleton (D:6)
  8 orc wizards
  A centaur skeleton (D:4)
  5 iguanas
  11 worker ants
  A hound skeleton (D:7)
  A mummy (D:9)
  A worker ant zombie (D:9)
  6 gnolls
  5 adders
  An ooze (D:2)
  An adder skeleton (D:7)
  A worm (D:4)
  4 dart slugs
  6 leopard geckos
  23 orcs
  A ball python (D:4)
  4 giant cockroaches
  2 goblins
  10 hobgoblins
  14 jackals
  6 kobolds
  6 quokkas
  8 bats
  8 frilled lizards
  A leopard gecko skeleton (D:5)
  A quokka skeleton (D:7)
  A quokka zombie (D:5)
  4 rats
183 creatures vanquished.

Vanquished Creatures (others)
  An unseen horror (D:8)
1 creature vanquished.

Grand Total: 184 creatures vanquished

Notes
Turn   | Place    | Note
-------+----------+-------------------------------------------
     0 | Abyss:1  | Gargoyl the Centaur Abyssal Knight began the quest for the Orb.
     0 | Abyss:1  | Reached XP level 1. HP: 19/19 MP: 2/2
    47 | Abyss:2  | Found a sparkling altar of Nemelex Xobeh.
    57 | Abyss:2  | Noticed a tentacled starspawn
    72 | Abyss:3  | Noticed an iron imp
   117 | Abyss:3  | Noticed a large abomination
   117 | Abyss:4  | Found a corrupted altar of Lugonu.
   120 | Abyss:4  | Noticed a green death
   120 | D:1      | Escaped the Abyss
   437 | D:1      | Reached XP level 2. HP: 26/26 MP: 3/3
   600 | D:1      | Reached * piety under Lugonu
   674 | D:1      | Reached skill level 2 in Axes
   954 | D:2      | Identified a scroll of acquirement
  1019 | D:2      | Reached XP level 3. HP: 31/31 MP: 4/4
  1453 | D:2      | Found a hide-covered altar of Uskayaw.
  1645 | D:3      | Reached skill level 1 in Dodging
  1651 | D:3      | Reached XP level 4. HP: 22/39 MP: 5/5
  1893 | D:3      | Found a deep blue altar of Sif Muna.
  1983 | D:3      | Reached skill level 3 in Axes
  1986 | D:3      | Reached XP level 5. HP: 34/46 MP: 5/7
  2044 | D:3      | Reached ** piety under Lugonu
  2202 | D:3      | Noticed Arronax's ghost (amateur HuFi)
  2204 | D:3      | Noticed Grinder
  2219 | D:3      | Killed Arronax's ghost
  2357 | D:3      | Killed Grinder
  2357 | D:3      | Reached skill level 4 in Axes
  2357 | D:3      | Reached XP level 6. HP: 21/52 MP: 8/8
  3381 | D:4      | Reached XP level 7. HP: 59/59 MP: 9/9
  3612 | D:4      | Found a glowing golden altar of the Shining One.
  4027 | D:5      | Entered Level 5 of the Dungeon
  4058 | D:5      | Reached skill level 5 in Axes
  4154 | D:5      | Found a shattered altar of Ashenzari.
  4295 | D:5      | Found a staircase to the Ecumenical Temple.
  4338 | D:5      | Reached XP level 8. HP: 48/67 MP: 11/11
  4498 | D:5      | Reached *** piety under Lugonu
  5008 | D:5      | Found a stormy altar of Qazlal.
  5169 | D:6      | Reached skill level 6 in Axes
  5506 | D:6      | Reached skill level 1 in Shields
  5506 | D:6      | Reached skill level 5 in Invocations
  5604 | D:6      | Reached skill level 5 in Fighting
  5782 | D:6      | Found an opulent altar of Gozag.
  5783 | D:6      | Found a glowing golden altar of the Shining One.
  5940 | D:6      | Found a glowing silver altar of Zin.
  5943 | D:6      | Noticed an angel
  5960 | D:6      | Found a shimmering altar of Xom.
  6051 | D:6      | Found a white marble altar of Elyvilon.
  6143 | D:7      | Reached skill level 1 in Evocations
  6212 | D:7      | Reached XP level 9. HP: 49/74 MP: 13/13
  6281 | D:7      | Reached **** piety under Lugonu
  6426 | D:7      | Reached skill level 7 in Axes
  6436 | D:7      | Noticed Joseph
  6459 | D:7      | Killed Joseph
  6807 | D:7      | Found a basalt altar of Yredelemnul.
  6820 | D:7      | Found a burning altar of Makhleb.
  7125 | D:8      | Got an encrusted ring mail
  7151 | D:8      | Banished an unseen horror
  7151 | D:8      | Reached skill level 5 in Armour
  7162 | D:8      | Identified the cursed +0 ring mail "Ogro" {rElec Str+3 Dex+3} (You found it on level 8 of the Dungeon)
  7271 | D:8      | Found Myofit's Magic Scroll Shoppe.
  7274 | D:8      | Gained mutation: You are agile. (Dex +2) [potion of mutation]
  7274 | D:8      | Gained mutation: You passively map a small area around you. [potion of mutation]
  7282 | D:8      | Bought a scroll of enchant armour for 105 gold pieces
  7365 | D:8      | Noticed Maurice
  7388 | D:8      | Killed Maurice
  7388 | D:8      | Reached skill level 8 in Axes
  7543 | D:8      | Noticed Erica
  7715 | D:9      | Reached XP level 10. HP: 28/84 MP: 15/15
  8071 | D:9      | Found a snail-covered altar of Cheibriados.
  8146 | D:9      | Noticed a two-headed ogre
  8154 | D:9      | Killed a two-headed ogre
  8510 | D:9      | Found a sacrificial altar of Ru.
  8525 | D:9      | Noticed a two-headed ogre
  8535 | D:9      | Banished a two-headed ogre
  8591 | D:9      | HP: 4/84 [orc warrior/trident of venom (17)]
  8592 | D:9      | HP: 1/84 [poisoned by an orc warrior]
  8593 | D:9      | Succumbed to an orc warrior's poison

Skill      XL: |  1  2  3  4  5  6  7  8  9 |
---------------+----------------------------+-----
Axes           | 2 3 4 5 6 8 |  8.8
Armour         | 2 3 4 5 |  5.7
Dodging        | 1 2 |  2.2
Invocations    | 3 4 6 7 |  7.8
Fighting       | 4 5 6 |  6.7
Shields        | 1 |  1.3
Evocations     | 1 |  1.4

Action                   |  1- 3 |  4- 6 |  7- 9 | 10-12 || total
-------------------------+-------+-------+-------+-------++-------
Melee: Hand axe          |    86 |       |       |       ||    86
       Kick              |    20 |     9 |    73 |    17 ||   119
       War axe           |    29 |    77 |   332 |    46 ||   484
Invok: Depart the Abyss  |     1 |       |       |       ||     1
       Banish            |       |       |     1 |     1 ||     2
Evoke: Wand              |       |       |     8 |     5 ||    13
  Use: Scroll            |    10 |     4 |     7 |     1 ||    22
       Potion            |     2 |       |     2 |     2 ||     6
 Stab: Sleeping          |     1 |     2 |       |     2 ||     5
       Invisible         |       |       |       |     1 ||     1
       Paralysed         |       |       |       |     1 ||     1
  Eat: Ration            |     1 |     1 |     2 |       ||     4
       Chunk             |       |       |     5 |     1 ||     6
Armor: Leather armour    |    55 |     7 |       |       ||    62
       Ring mail         |       |    27 |    33 |    21 ||    81
       Chain mail        |       |       |   205 |       ||   205
Dodge: Dodged            |    71 |    28 |    95 |    19 ||   213
Block: Buckler           |       |     8 |    38 |     6 ||    52
